 Dungeon Crawl Stone Soup version 0.19-a0-1021-g80cc50c (webtiles) character file.

32 mistymad the Sneak (level 3, 15/18 HPs)
             Began as a Spriggan Assassin on July 27, 2016.
             Quit the game on level 1 of the Dungeon.
             The game lasted 00:01:01 (461 turns).

mistymad the Sneak (Spriggan Assassin)               Turns: 461, Time: 00:01:01

Health: 15/18      AC:  3    Str:  7    XL:     3   Next: 10%
Magic:  4/4        EV: 18    Int: 12    God:
Gold:   45         SH:  0    Dex: 18    Spells: 0 memorised, 2 levels left

rFire  . . .     SeeInvis +     a - +2 dagger
rCold  . . .     Gourm    .     c - +0 robe
rNeg   . . .     Faith    .     (shield restricted)
rPois  .         Spirit   .     (helmet restricted)
rElec  .         Dismiss  .     d - +0 cloak
rCorr  .         Reflect  .     (gloves unavailable)
SustAt .         Harm     .     (boots unavailable)
MR     .....                    (no amulet)
Stlth  ++++......               (no ring)
                                i - ring of wizardry

@: very quick, not resistant to hostile enchantments, stealthy
A: unfitting armour, see invisible, herbivore 3, speed 3, slow metabolism 2
a: no special abilities


You were on level 1 of the Dungeon.
You were not hungry.

You visited 1 branch of the dungeon, and saw 1 of its levels.

You collected 45 gold pieces.

Inventory:

Hand Weapons
 a - a +2 dagger (weapon)
 b - a +0 blowgun
Missiles
 e - 8 poisoned needles
 f - 2 curare-tipped needles
Armour
 c - a +0 robe (worn)
 d - a +0 cloak (worn)
Jewellery
 i - a ring of wizardry (left hand)
Scrolls
 j - a scroll of amnesia {unknown}
 m - a scroll of magic mapping {unknown}
 n - a scroll of identify {unknown}
 o - a scroll of recharging {unknown}
Potions
 k - a potion of heal wounds {unknown}
 l - a potion of brilliance {unknown}
Comestibles
 g - a bread ration
 h - a slice of pizza


   Skills:
 - Level 1.9 Fighting
 + Level 2.8 Short Blades
 - Level 2.0 Throwing
 + Level 2.3 Dodging
 + Level 6.4 Stealth


You had 2 spell levels left.
You didn't know any spells.

Dungeon Overview and Level Annotations

Branches:
Dungeon (1/15)

Altars:


Innate Abilities, Weirdness & Mutations

You are tiny and cannot use many weapons and most armour.
You have supernaturally acute eyesight. (SInv)
You are a herbivore.
You cover ground extremely quickly.
You need consume almost no food.


Message History

You kill the rat!
No target in view!
No target in view!
No target in view!
No target in view!
No target in view!
No target in view!
No target in view!
No target in view!
No target in view!
No target in view!
You see here a rat corpse.
Key pressed, stopping explore.
Key pressed, stopping explore.
o - a scroll labeled OXZOKL RIONIWKI You regained 2 hp, and now have 13/18 hp.
You see here a rat corpse.
A rat comes into view.
You regained 2 hp, and now have 15/18 hp.
Are you sure you want to abandon this character and quit the game? (Confirm with "yes".)

##......†.##.### .........
#......r...#...## .⌠...⌠...
#....(..........##.........
#...........####.##.⌠....⌠.
#..........## ### #.......
#..........#### ##..⌠...
##............. ##.....
#..........###### ###..<.
#.....>.(.@##...## #.##...
#.......(..#.>...####..####
#.......................###
#..................##......
##........#.......###......
##......###...............
##########.....####......
#.......###......
#.......##..##...


You could see a rat (wandering).

Vanquished Creatures
  An adder (D:1)
  An ooze (D:1)
  2 ball pythons (D:1)
  4 bats (D:1)
  A giant cockroach (D:1)
  A hobgoblin (D:1)
  2 giant newts (D:1)
  3 kobolds (D:1)
  9 rats (D:1)
24 creatures vanquished.

Notes
Turn   | Place    | Note
-------+----------+-------------------------------------------
     0 | D:1      | mistymad the Spriggan Assassin began the quest for the Orb.
     0 | D:1      | Reached XP level 1. HP: 10/10 MP: 2/2
   127 | D:1      | Reached skill level 6 in Stealth
   127 | D:1      | Reached XP level 2. HP: 15/15 MP: 3/3
   238 | D:1      | Reached XP level 3. HP: 13/18 MP: 4/4
   461 | D:1      | Quit the game

Vault maps used:
D:1:      dpeg_arrival_lava_temple_mockup, minmay_shallow_snake_nest

Skill      XL: |  1 |
---------------+----+-----
Dodging        | 2 |  2.3
Stealth        | 6 |  6.4
Fighting       | |  1.9
Short Blades   | |  2.8
Throwing       | |  2.0

Action                   || total
-------------------------++-------
Melee: Dagger            ||    46
 Stab: Sleeping          ||    13
Armor: Robe              ||     4
Dodge: Dodged            ||    22
